 Dungeon Crawl Stone Soup version 0.26.1-11-gd32895ea62 (webtiles) character file.

Game seed: 12676101856388024969

271 Almogavar the Fighter (level 6, -6/61 HPs)
             Began as a Gnoll Wanderer on May 7, 2021.
             Killed by nerve-wracking pain
             ... invoked by Grinder
              (8 damage)
             ... while paralysed by Grinder
             ... on level 4 of the Dungeon.
             The game lasted 00:07:20 (2354 turns).

Almogavar the Fighter (Gnoll Wanderer)              Turns: 2354, Time: 00:07:20

Health: -6/61      AC: 11    Str: 13    XL:     6   Next: 23%
Magic:  0/8        EV:  2    Int: 18    God:
Gold:   110        SH:  0    Dex: 14    Spells: 8/8 levels left

rFire    . . .     SeeInvis .   a - +3 spear
rCold    . . .     Faith    .   (no shield)
rNeg     . . .     Spirit   +   j - +0 ring mail
rPois    .         Reflect  .   i - +2 helmet
rElec    .         Harm     .   u - +2 cloak {Stlth+}
rCorr    .         Rampage  .   (no gloves)
Will     .....                  (no boots)
Stlth    ++........             g - amulet of guardian spirit
HPRegen  0.20/turn              (no ring)
MPRegen  0.11/turn              (no ring)

@: paralysed
A: distributed training, fangs 1, strong nose
a: no special abilities


You were on level 4 of the Dungeon.
You visited 1 branch of the dungeon, and saw 4 of its levels.

You collected 110 gold pieces.

Inventory:

Hand Weapons
 a - a +3 spear (weapon)
 n - a +0 short sword of venom
Missiles
 h - 27 bolts
 p - 11 poisoned darts (quivered)
 v - 5 boomerangs
Armour
 i - a +2 helmet (worn)
 j - a +0 ring mail (worn)
 l - a +0 buckler
 u - a +2 cloak of stealth (worn)
 w - a cursed +0 robe
 x - a +0 scale mail
Jewellery
 g - an amulet of guardian spirit (around neck)
Wands
 c - a wand of digging (6)
 s - a wand of polymorph (15)
Scrolls
 f - a scroll of enchant weapon
 k - a scroll of teleportation
 m - 3 scrolls of remove curse
 o - a scroll of identify {unknown}
 r - a scroll of noise {unknown}
Potions
 b - 2 potions of lignification
 d - a potion of attraction {unknown}
 e - 4 potions of curing
 q - a potion of invisibility {unknown}
 t - a potion of brilliance {unknown}
 z - a potion of flight {unknown}


   Skills:
 + Level 10.5 Fighting
 + Level 1.8 Short Blades
 + Level 1.8 Long Blades
 + Level 1.8 Axes
 + Level 1.8 Maces & Flails
 + Level 1.8 Polearms
 + Level 1.8 Staves
 + Level 1.8 Slings
 + Level 1.8 Bows
 + Level 1.8 Crossbows
 + Level 1.8 Throwing
 + Level 1.8 Armour
 + Level 4.9 Dodging
 + Level 3.0 Stealth
 + Level 1.8 Shields
 + Level 1.8 Unarmed Combat
 + Level 1.8 Spellcasting
 + Level 1.4 Conjurations
 + Level 1.4 Hexes
 + Level 1.4 Summonings
 + Level 1.4 Necromancy
 + Level 1.4 Translocations
 + Level 1.4 Transmutations
 + Level 1.4 Fire Magic
 + Level 1.4 Ice Magic
 + Level 1.4 Air Magic
 + Level 1.4 Earth Magic
 + Level 1.4 Poison Magic
 + Level 2.0 Invocations
 + Level 4.9 Evocations


You had 8 spell levels left.
You didn't know any spells.
Your spell library was empty.

Dungeon Overview and Level Annotations

Branches:
Dungeon (4/15)
 Temple: D:4-7

Altars:

Annotations:
D:3 1 runed translucent door, Xye's ghost, amateur GrFi
D:4 Grinder


Innate Abilities, Weirdness & Mutations

Your experience applies equally to all skills.
You have very sharp teeth.
Your uncanny sense of smell can sniff out nearby items.


Message History

Pain shoots through your body!
* * * LOW HITPOINT WARNING * * *
You hit Grinder.
Grinder is severely wounded.
Grinder hits you but does no damage.
You hit Grinder.
Grinder is severely wounded.
Grinder barely misses you. x2
You closely miss Grinder.
Grinder is severely wounded.
Grinder gestures at you.
You suddenly lose the ability to move!
Grinder hits you!
* * * LOW HITPOINT WARNING * * *
Grinder hits you but does no damage. Grinder hits you but does no damage.
Grinder barely misses you. Grinder gestures at you.
Pain shoots through your body!
You die...

#...#
#...#
#...#
... ...
#.####
##....#
#5@..#
+....#
######


You could see Grinder (fast).

Vanquished Creatures
  Crazy Yiuf (D:2)
  Jessica (D:3)
  Ijyb (D:3)
  Natasha (twice) (D:2)
  4 gnolls (D:2)
  2 adders (D:2)
  2 oozes
  3 leopard geckos
  An orc (D:3)
  10 bats
  2 giant cockroaches (D:1)
  7 goblins
  8 hobgoblins
  9 jackals
  7 kobolds
  4 frilled lizards
  10 rats
74 creatures vanquished.

Vanquished Creatures (others)
  2 withered plants (D:3)
2 creatures vanquished.

Grand Total: 76 creatures vanquished

Notes
Turn   | Place    | Note
-------+----------+-------------------------------------------
     0 | D:1      | Reached skill level 10 in Fighting
     0 | D:1      | Almogavar the Gnoll Wanderer began the quest for the Orb.
     0 | D:1      | Almogavar set off with the following items: a +2 spear, 2
                  | potions of lignification, a +0 robe
     0 | D:1      | Reached XP level 1. HP: 28/28 MP: 1/1
    51 | D:1      | Reached XP level 2. HP: 31/36 MP: 2/2
   177 | D:1      | Reached XP level 3. HP: 41/42 MP: 3/3
   454 | D:1      | Reached skill level 1 in Invocations
  1160 | D:2      | Reached skill level 1 in Short Blades
  1160 | D:2      | Reached skill level 1 in Long Blades
  1160 | D:2      | Reached skill level 1 in Axes
  1160 | D:2      | Reached skill level 1 in Maces & Flails
  1160 | D:2      | Reached skill level 1 in Polearms
  1160 | D:2      | Reached skill level 1 in Staves
  1160 | D:2      | Reached skill level 1 in Slings
  1160 | D:2      | Reached skill level 1 in Bows
  1160 | D:2      | Reached skill level 1 in Crossbows
  1160 | D:2      | Reached skill level 1 in Throwing
  1160 | D:2      | Reached skill level 1 in Armour
  1160 | D:2      | Reached skill level 1 in Shields
  1160 | D:2      | Reached skill level 1 in Unarmed Combat
  1160 | D:2      | Reached skill level 1 in Spellcasting
  1160 | D:2      | Reached XP level 4. HP: 48/48 MP: 5/5
  1297 | D:2      | Found a runed translucent door.
  1298 | D:2      | Noticed Crazy Yiuf
  1411 | D:2      | Noticed Natasha
  1417 | D:2      | Killed Natasha
  1418 | D:2      | Reached skill level 1 in Conjurations
  1418 | D:2      | Reached skill level 1 in Hexes
  1418 | D:2      | Reached skill level 1 in Summonings
  1418 | D:2      | Reached skill level 1 in Necromancy
  1418 | D:2      | Reached skill level 1 in Translocations
  1418 | D:2      | Reached skill level 1 in Transmutations
  1418 | D:2      | Reached skill level 1 in Fire Magic
  1418 | D:2      | Reached skill level 1 in Ice Magic
  1418 | D:2      | Reached skill level 1 in Air Magic
  1418 | D:2      | Reached skill level 1 in Earth Magic
  1418 | D:2      | Reached skill level 1 in Poison Magic
  1629 | D:2      | Noticed Natasha
  1636 | D:2      | Killed Natasha
  1637 | D:2      | Reached XP level 5. HP: 54/54 MP: 5/7
  2004 | D:2      | Killed Crazy Yiuf
  2087 | D:3      | Noticed Ijyb
  2107 | D:3      | Killed Ijyb
  2108 | D:3      | Reached XP level 6. HP: 55/61 MP: 8/8
  2137 | D:3      | Found a runed translucent door.
  2138 | D:3      | Noticed Xye's ghost (amateur GrFi)
  2235 | D:3      | Noticed Jessica
  2243 | D:3      | Killed Jessica
  2316 | D:3      | Noticed Grinder
  2320 | D:3      | Paralysed by Grinder for 2 turns
  2351 | D:4      | Paralysed by Grinder for 7 turns
  2352 | D:4      | HP: 2/61 [Grinder (8)]
  2354 | D:4      | Killed from afar by Grinder

Illustrated notes

Levels and vault maps discovered:
D:1:      saegor_arrival_simple_d, layout_basic
D:2:      layout_basic, minmay_distorted, uniq_crazy_yiuf_cottage, uniq_natasha
D:3:      layout_rooms, gammafunk_ghost_grave, minmay_crystal_water,
          grunt_decor_resistance, uniq_ijyb, uniq_grinder, uniq_jessica
D:4:      layout_gridville, lemuel_zombie_altar_kikubaaqudgha

Skill      XL: |  1  2  3  4  5 |
---------------+----------------+-----
Fighting       | | 10.5
Invocations    | 1 2 |  2.0
Short Blades   | 1 |  1.8
Long Blades    | 1 |  1.8
Axes           | 1 |  1.8
Maces & Flails | 1 |  1.8
Polearms       | 1 |  1.8
Staves         | 1 |  1.8
Slings         | 1 |  1.8
Bows           | 1 |  1.8
Crossbows      | 1 |  1.8
Throwing       | 1 |  1.8
Armour         | 1 |  1.8
Shields        | 1 |  1.8
Unarmed Combat | 1 |  1.8
Spellcasting   | 1 |  1.8
Conjurations   | 1 |  1.4
Hexes          | 1 |  1.4
Summonings     | 1 |  1.4
Necromancy     | 1 |  1.4
Translocations | 1 |  1.4
Transmutations | 1 |  1.4
Fire Magic     | 1 |  1.4
Ice Magic      | 1 |  1.4
Air Magic      | 1 |  1.4
Earth Magic    | 1 |  1.4
Poison Magic   | 1 |  1.4
Stealth        | 3 |  3.0
Dodging        | |  4.9
Evocations     | |  4.9

Action                   |  1- 3 |  4- 6 || total
-------------------------+-------+-------++-------
Melee: Spear             |    99 |   146 ||   245
       Bite              |     4 |     7 ||    11
       Punch             |       |     2 ||     2
Throw: Dart              |       |    13 ||    13
  Use: Scroll            |     5 |       ||     5
       Potion            |       |     2 ||     2
 Stab: Sleeping          |     4 |     6 ||    10
Armor: Robe              |    12 |    13 ||    25
       Ring mail         |       |    19 ||    19
Dodge: Dodged            |    59 |    70 ||   129
